 Dungeon Crawl Stone Soup version 0.13-a0-2960-g2f00e6d (webtiles) character file.

549 Aelig the Cudgeler (level 6, 0/48 HPs)
             Began as a Demonspawn Fighter on Sept 6, 2013.
             Slain by Sigmund
             ... wielding a +5,+6 vampiric scythe
              (8 damage)
             ... on Level 2 of the Dungeon.
             The game lasted 00:11:30 (3689 turns).

Aelig the Cudgeler (Demonspawn Fighter)             Turns: 3689, Time: 00:11:30

HP   0/48        AC  7     Str 17      XL: 6   Next: 50%
MP   5/5         EV  6     Int  9      God:
Gold 160         SH 18     Dex 16      Spells:  0 memorised,  5 levels left

Res.Fire  : . . .   See Invis. : .   a - +0 mace
Res.Cold  : . . .   Warding    : .   b - +0 scale mail
Life Prot.: . . .   Conserve   : .   c - +0 shield
Res.Poison: .       Res.Corr.  : .   (no helmet)
Res.Elec. : .       Clarity    : .   (no cloak)
Sust.Abil.: . .     Spirit.Shd : .   f - +0 pair of elf gauntlets
Res.Mut.  : .       Stasis     : .   (no boots)
Res.Rott. : .       Flight     : .   (no amulet)
Saprovore : . . .                    (no ring)
                                     (no ring)

@: slightly resistant to hostile enchantments, extremely unstealthy
A: claws 1, Dex +2
a: no special abilities


You were on level 2 of the Dungeon.
You were not hungry.

You visited 1 branch of the dungeon, and saw 4 of its levels.

You collected 140 gold pieces.

Inventory:

Hand weapons
 a - a +0,+0 mace (weapon)
Armour
 b - a +0 scale mail (worn)
 c - a +0 shield (worn)
 f - a +0 pair of elven gauntlets (worn)
Magical devices
 t - a wand of polymorph (2)
Comestibles
 d - 3 bread rations
 k - a meat ration
Scrolls
 e - a scroll of fear {unknown}
 g - 2 scrolls of fog {unknown}
 i - a scroll of curse armour {unknown}
 j - 7 scrolls of identify {unknown}
 l - 2 scrolls of remove curse {unknown}
 m - a scroll of teleportation {unknown}
 n - a scroll of noise {unknown}
 p - a scroll of curse weapon {unknown}
 s - a scroll of blinking {unknown}
 u - a scroll of recharging {unknown}
Potions
 h - a potion of resistance {unknown}
 q - 2 potions of curing {unknown}
 r - a potion of slowing {unknown}


   Skills:
 + Level 3.9 Fighting
 - Level 6.0 Maces & Flails
 - Level 2.6 Armour
 - Level 2.6 Shields


You had 5 spell levels left.
You didn't know any spells.

Dungeon Overview and Level Annotations

Branches:
Dungeon (4/27)
 Temple: D:4-7

Altars:
Nemelex Xobeh
Trog

Portals:
Ziggurat: D:3 (3540 gp)

Annotations:
D:2 Sigmund
D:3 exclusion: downstairs, Grinder


Innate Abilities, Weirdness & Mutations

You have sharp fingernails.
You have a somewhat thin skeletal structure (Dex +2, Stlth).


Message History

You block Sigmund's attack.
You closely miss Sigmund.
Sigmund is moderately wounded.
Sigmund casts a spell.
Sigmund flickers and vanishes!
Deactivating autopickup; reactivate with Ctrl-A.
You hit it. It hits you!
You sock it! You miss it. It hits you.
You hit it. It hits you!
You closely miss it. It hits you.
You completely miss it.
You hear some strange, mumbled words.
Something tries to affect you, but you resist.
You hit it.
You hear some strange, mumbled words.
The magic dart hits you!
* * * LOW HITPOINT WARNING * * *
You closely miss it. It hits you!
You die...

##.##....# ###....%...
#.##.##.# #.....####.
#.##.##.########
####.#.#.####.
#.##.##.#.(....#
#.............
#.##.##......#.#
#.##.#.#.####.
#.....##...#.#.#
#.##.....# #.
####.........#.#
#.####..## #.
##.##...#.#.# #.# ##.#
#.
#.###.##.#@###.#####.#
#. #.#
#.##...........(.#####.
#.#
#.##.#.###.####........
#.#
#.##.[.................
#.#
#.##..#....###########.
#.# #.###....### #.
#.###......#.# ##
#............#
##############


There were no monsters in sight!

Vanquished Creatures
  A phantom (D:4)
  A centaur (D:4)
  A big kobold (D:4)
  A scorpion (D:4)
  A worker ant (D:4)
  6 adders
  A worm (D:4)
  2 orcs (D:3)
  A ball python (D:3)
  7 bats
  7 hobgoblins
  2 jackals (D:4)
  A giant cockroach (D:1)
  3 giant newts
  7 goblins
  13 kobolds
  3 rats
58 creatures vanquished.

Notes
Turn   | Place    | Note
--------------------------------------------------------------
     0 | D:1      | Aelig, the Demonspawn Fighter, began the quest for the Orb.
     0 | D:1      | Reached XP level 1. HP: 18/18 MP: 0/0
   329 | D:1      | Gained mutation: You have sharp fingernails. [demonic ancestry]
   329 | D:1      | Reached XP level 2. HP: 21/24 MP: 1/1
   636 | D:2      | Found a sparkling altar of Nemelex Xobeh.
   766 | D:2      | Reached XP level 3. HP: 30/30 MP: 2/2
   771 | D:2      | Found a bloodstained altar of Trog.
  1450 | D:3      | Noticed Grinder
  1554 | D:3      | Found a gateway to a ziggurat.
  1554 | D:3      | Noticed an angel
  1554 | D:3      | Noticed an angel
  1555 | D:3      | Noticed Sigmund
  1689 | D:4      | Noticed a phantom
  1733 | D:4      | Killed a phantom
  1733 | D:4      | Reached skill level 4 in Maces & Flails
  1733 | D:4      | Reached XP level 4. HP: 28/36 MP: 3/3
  1824 | D:4      | Gained mutation: You have a somewhat thin skeletal structure (Dex +2, Stlth). [demonic ancestry]
  1824 | D:4      | Reached XP level 5. HP: 35/41 MP: 4/4
  1923 | D:4      | Reached skill level 5 in Maces & Flails
  2037 | D:4      | Noticed an ogre
  2232 | D:3      | Paralysed by Grinder for 2 turns
  2236 | D:3      | Paralysed by Grinder for 4 turns
  2241 | D:3      | Paralysed by Grinder for 4 turns
  2256 | D:3      | Paralysed by Grinder for 6 turns
  2474 | D:3      | Paralysed by Grinder for 3 turns
  2479 | D:3      | Paralysed by Grinder for 2 turns
  2875 | D:4      | Noticed a centaur
  2892 | D:4      | Killed a centaur
  2892 | D:4      | Reached XP level 6. HP: 21/48 MP: 5/5
  3087 | D:4      | Reached skill level 6 in Maces & Flails
  3180 | D:4      | Noticed a big kobold
  3226 | D:4      | Killed a big kobold
  3689 | D:2      | Slain by Sigmund

Action                   |  1- 3 |  4- 6 || total
-------------------------+-------+-------++-------
Melee: Mace              |    96 |   141 ||   237
Evoke: Wand              |       |     1 ||     1
